 Dungeon Sprint DCSS version 0.22-a0-32-ga749362 (webtiles) character file.

128 Faca the Fighter (level 4, -11/48 HPs)
             Began as a Minotaur Berserker on Jan 3, 2018.
             Was a Believer of Trog.
             Mangled by a queen bee (17 damage)
             ... in the Dungeon (Sprint IV: "Fedhas' Mad Dash").
             The game lasted 00:00:45 (664 turns).

Faca the Fighter (Minotaur Berserker)                Turns: 664, Time: 00:00:45

Health: -11/48     AC:  2    Str: 22    XL:     4   Next: 86%
Magic:  3/3        EV: 13    Int:  4    God:    Trog [**....]
Gold:   63         SH:  0    Dex: 10    Spells: 3/3 levels left

rFire    . . .     SeeInvis .   a - +0 hand axe
rCold    . . .     Gourm    .   (no shield)
rNeg     . . .     Faith    .   b - +0 animal skin
rPois    .         Spirit   .   (helmet restricted)
rElec    .         Reflect  .   (no cloak)
rCorr    .         Harm     .   (no gloves)
MR       .....     NoTele   +   (no boots)
Stlth    +.........             (no amulet)
HPRegen  0.16/turn              (no ring)
MPRegen  0.08/turn              (no ring)

@: lethally poisoned (-11 -> -22)
A: retaliatory headbutt, horns 2
a: Berserk, Trog's Hand, Burn Spellbooks, Renounce Religion


You were in the Dungeon.
You worshipped Trog.
Trog was pleased with you.
You were not hungry.

You visited 1 branch You collected 63 gold pieces.

Inventory:

Hand Weapons
 a - a +0 hand axe (weapon)
Armour
 b - a +0 animal skin (worn)
Jewellery
 j - the amulet of invisibility {+Inv}
   (You found it in the Dungeon)

   [amulet of nothing]

   It lets you turn invisible.
Scrolls
 i - a scroll of blinking
Potions
 d - a potion of curing
 e - 2 potions of heal wounds
 f - a potion of haste
 g - 2 potions of magic
 h - a potion of berserk rage
Comestibles
 c - 2 rations


   Skills:
 + Level 8.1 Fighting
 + Level 7.9 Axes
 + Level 4.4 Armour
 + Level 4.4 Dodging
 + Level 0.1 Stealth


You had 3 spell levels left.
You didn't know any spells.

Dungeon Overview and Level Annotations

Branches:
Dungeon (1/1)

Altars:
Cheibriados
Gozag
Hepliaklqana
Makhleb
Nemelex Xobeh
Ru
Sif Muna
Trog
Wu Jian
Xom
Yredelemnul
Beogh
Jiyva

Annotations:
D exclusion: oklob sapling


Innate Abilities, Weirdness & Mutations

You reflexively headbutt those who attack you in melee.
You have a pair of horns on your head.


Message History

The queen bee is lightly wounded.
The queen bee stings you!!
* * * LOW HITPOINT WARNING * * *
You are lethally poisoned!
The queen bee poisons you!
You hit the queen bee. Your headbutt misses the queen bee.
The queen bee is moderately wounded.
* * * LOW HITPOINT WARNING * * *
You feel sick. The queen bee misses you. You furiously retaliate!
You headbutt the queen bee, but do no damage.
You hit the queen bee but do no damage. You headbutt the queen bee!
The queen bee is heavily wounded.
* * * LOW HITPOINT WARNING * * *
You feel sick. The queen bee closely misses you.
You hit the queen bee.
You headbutt the queen bee, but do no damage.
The queen bee is heavily wounded.
* * * LOW HITPOINT WARNING * * *
You feel sick. The queen bee stings you!
You die...

#########################
#<..P#.....#.....#.⌠._._.
#PP..'.)...'.#...'.._._._
#PPPP#.....#.#...#..._._P
###############'##.._._._
♣.....y@.'...#._._._.
%.....♣.....#...########
y....♣..♣..###### #+##
#+#####


You could see a queen bee.

Vanquished Creatures
  A killer bee (D)
  2 oklob saplings (D)
  A worker ant (D)
  A river rat (D)
  A rat (D)
6 creatures vanquished.

Notes
Turn   | Place    | Note
-------+----------+-------------------------------------------
     0 | D        | Faca the Minotaur Berserker began the quest for the Orb.
     0 | D        | Reached XP level 1. HP: 19/19 MP: 0/0
     8 | D        | Reached skill level 4 in Fighting
     8 | D        | Reached XP level 2. HP: 14/28 MP: 1/1
   157 | D        | Noticed an oklob sapling
   160 | D        | Killed an oklob sapling
   160 | D        | Reached ** piety under Trog
   160 | D        | Reached skill level 6 in Fighting
   160 | D        | Reached skill level 5 in Axes
   160 | D        | Reached XP level 3. HP: 37/37 MP: 2/2
   163 | D        | Found the amulet of invisibility {+Inv}
   320 | D        | Found an opulent altar of Gozag.
   320 | D        | Found a hazy altar of Hepliaklqana.
   320 | D        | Found a burning altar of Makhleb.
   320 | D        | Found a roughly hewn altar of Beogh.
   320 | D        | Found a sparkling altar of Nemelex Xobeh.
   320 | D        | Found a snail-covered altar of Cheibriados.
   320 | D        | Found a sacrificial altar of Ru.
   320 | D        | Found a deep blue altar of Sif Muna.
   320 | D        | Found a shimmering altar of Xom.
   320 | D        | Found a basalt altar of Yredelemnul.
   321 | D        | Found a viscous altar of Jiyva.
   321 | D        | Found a bloodstained altar of Trog.
   321 | D        | Found an ornate altar of the Wu Jian Council.
   321 | D        | Noticed an oklob sapling priest
   435 | D        | Noticed an oklob sapling
   442 | D        | Killed an oklob sapling
   442 | D        | Reached skill level 7 in Fighting
   442 | D        | Reached XP level 4. HP: 17/47 MP: 3/3
   648 | D        | Noticed a queen bee
   656 | D        | Reached skill level 8 in Fighting
   664 | D        | Mangled by a queen bee

Vault maps used:
D:        dungeon_sprint_fedhas

Skill      XL: |  1  2  3  4 |
---------------+-------------+-----
Fighting       | 4 6 7 8 |  8.1
Axes           | 4 5 7 |  7.9
Armour         | 3 4 |  4.4
Dodging        | 3 4 |  4.4
Stealth        | |  0.1

Action                   |  1- 3 |  4- 6 || total
-------------------------+-------+-------++-------
Melee: Hand axe          |    18 |    12 ||    30
       Headbutt          |     4 |     4 ||     8
Dodge: Dodged            |     9 |     8 ||    17

Table legend:
 A = Spawn XP
 B = Non-spawn XP
 C = Spawn XP percentage of total XP
 D = Spawn monster count
 E = Non-spawn monster count
 F = Spawn count percentage of total count
 G = Total turns spent on level
                    A         B        C        D         E        F      G
               +---------+---------+-------+---------+---------+-------+---------
         Total |       0 |     183 |   0.0 |       0 |       6 |   0.0 |   664
               +---------+---------+-------+---------+---------+-------+---------
             D |       0 |     183 |   0.0 |       0 |       6 |   0.0 |   664
               +---------+---------+-------+---------+---------+-------+---------
